 Dungeon Crawl Stone Soup version 0.31-a0-233-g139696dc86 (webtiles) character file.

Game seed: 3508538359330962517

105 qw the Shooter (level 4, -3/26 HPs)
             Began as a Gargoyle Hexslinger on July 9, 2023.
             Slain by a gnoll
             ... wielding a +1 spear of venom
              (7 damage)
             ... on level 3 of the Dungeon.
             The game lasted 00:00:43 (1695 turns).

qw the Shooter (Gargoyle Hexslinger)                Turns: 1695, Time: 00:00:43

Health: -3/26      AC:  7    Str: 11    XL:     4   Next: 81%
Magic:  5/5        EV: 11    Int: 14    God:
Gold:   108        SH:  5    Dex: 14    Spells: 4/5 levels left

rFire   . . .        Y - +1 sling
rCold   + . .        (no shield)
rNeg    + . .        d - +0 leather armour
rPois   inf          (no helmet)
rElec   +            (no cloak)
rCorr   .            f - +0 pair of gloves
SInv    .            (no boots)
Will    .....        h - amulet of reflection
Stlth   +            j - ring of protection from cold
HPRegen 0.24/turn    (no ring)
MPRegen 0.09/turn

%: reflection
@: no status effects
A: sickness immunity, AC +3, negative energy resistance 1, electricity
resistance, torment resistance 1, petrification resistance
a: no special abilities


You were on level 3 of the Dungeon.
You visited 1 branch of the dungeon, and saw 3 of its levels.

You collected 108 gold pieces.


Innate Abilities, Weirdness & Mutations

You are immune to sickness and miasma.
Your stone body is resilient. (AC +3)
You are immune to poison.
You resist negative energy. (rN+)
You are resistant to electric shocks. (rElec)
You are resistant to unholy torment.
You are immune to petrification.


   Skills:
 - Level 2.0 Fighting
 + Level 4.5 Ranged Weapons
 - Level 1.5 Dodging
 - Level 1.0 Spellcasting
 - Level 2.6 Hexes


You had 4 spell levels left.
You knew the following spells:

 Your Spells              Type           Power      Damage    Failure   Level
a - Slow                  Hex            32%        N/A       12%         1

Your spell library contained the following spells:

 Spells                   Type           Power      Damage    Failure   Level
 Inner Flame              Hex/Fire       4%         N/A       52%         3
 Portal Projectile        Hex/Tloc       8%         N/A       52%         3
 Cause Fear               Hex            4%         N/A       75%         4

Inventory:

Hand Weapons
 Y - a +1 sling (weapon)
Armour
 d - a +0 leather armour (worn)
 f - a +0 pair of gloves (worn)
Jewellery
 h - an amulet of reflection (around neck)
 j - a ring of protection from cold (left hand)
Scrolls
 b - a scroll of amnesia {unknown}
Potions
 a - 2 potions of curing
 e - a potion of mutation {unknown}
 g - a potion of cancellation
 i - a potion of heal wounds {unknown}
 k - 2 potions of magic {unknown}
 l - a potion of resistance {unknown}

Dungeon Overview and Level Annotations

Branches:
Dungeon (3/15)

Altars:


Message History

You kill the quokka!
A gnoll comes into view. It is wielding a +0 halberd.
You shoot a sling bullet. The sling bullet hits the gnoll!
The gnoll shouts!
The gnoll is heavily wounded.
You hear a shout!
A gnoll comes into view. It is wielding a +0 whip.
You shoot a sling bullet. The sling bullet hits the gnoll.
The gnoll is severely wounded.
You shoot a sling bullet. The sling bullet hits the gnoll!
You kill the gnoll!
A gnoll comes into view. It is wielding a +1 spear of venom.
You shoot a sling bullet.
The sling bullet barely misses the gnoll.
A gnoll comes into view. It is wielding a +0 spear.
1688 ||| Stepping ~*~*~tactically~*~*~ (outnumbered).
You shoot a sling bullet.
The sling bullet barely misses the gnoll.
You shoot a sling bullet. The sling bullet hits the gnoll.
The gnoll is lightly wounded.
You hear a shout!
You shoot a sling bullet. The sling bullet hits the gnoll.
The gnoll is lightly wounded.
The gnoll hits you but does no damage.
You shoot a sling bullet.
The sling bullet barely misses the gnoll.
The gnoll hits you from afar with a +1 spear of venom.
The gnoll closely misses you.
You shoot a sling bullet.
The sling bullet closely misses the gnoll.
The gnoll barely misses you. The gnoll hits you with a +0 whip.
The gnoll hits you from afar with a +1 spear of venom.
The gnoll hits you with a +0 whip.
You shoot a sling bullet. The sling bullet hits the gnoll.
The gnoll is heavily wounded.
The gnoll closely misses you. The gnoll hits you with a +0 whip.
You shoot a sling bullet. The sling bullet hits the gnoll.
You kill the gnoll!
The gnoll hits you from afar with a +1 spear of venom!
You die...

##.###.#
#...#.#.#.#.
#.# #.#
#....... #.
#.# #.#
#.......# #.
##.###.#
#........ #.
#....#.#
....#.#
####.#..
##.######.#
#..........
#.@####.#.#
#.).......
#g######..
#g# #). ##.
.# g# g#


You could see 2 gnolls.

Vanquished Creatures
  2 gnolls (D:3)
  4 adders (D:2)
  A dart slug (D:1)
  6 endoplasms
  3 giant cockroaches (D:1)
  4 goblins
  5 hobgoblins
  2 jackals (D:2)
  5 quokkas
  6 ball pythons
  5 bats
  3 frilled lizards
  5 kobolds
  3 rats
54 creatures vanquished.

Notes
Turn   | Place    | Note
-------+----------+-------------------------------------------
     0 | D:1      | qw the Gargoyle Hexslinger began the quest for the Orb.
     0 | D:1      | Reached XP level 1. HP: 12/12 MP: 2/2
     0 | D:1      | 0 ||| qw: Version: 0.3-a-51-g015441d
     0 | D:1      | 0 ||| qw: Game counter: 3986
     0 | D:1      | 0 ||| qw: Melee chars always use a shield: true
     0 | D:1      | 0 ||| qw: God list: Okawaru
     0 | D:1      | 0 ||| qw: Allow faded altars: false
     0 | D:1      | 0 ||| qw: Do Orc after clearing Dungeon:15 true
     0 | D:1      | 0 ||| qw: Do second Lair branch before Depths: true
     0 | D:1      | 0 ||| qw: Lair rune preference: random
     0 | D:1      | 0 ||| qw: Goals: Normal
     0 | D:1      | 0 ||| PLANNING D:1-11
   114 | D:1      | Reached XP level 2. HP: 16/16 MP: 3/3
   208 | D:1      | Reached skill level 3 in Ranged Weapons
   367 | D:1      | 367 ||| FLEEEEING.
   368 | D:1      | 368 ||| FLEEEEING.
   369 | D:1      | 369 ||| FLEEEEING.
   370 | D:1      | 370 ||| FLEEEEING.
   373 | D:1      | 373 ||| FLEEEEING.
   374 | D:1      | 374 ||| FLEEEEING.
   375 | D:1      | 375 ||| FLEEEEING.
   376 | D:1      | 376 ||| FLEEEEING.
   377 | D:1      | 377 ||| FLEEEEING.
   378 | D:1      | 378 ||| FLEEEEING.
   379 | D:1      | 379 ||| FLEEEEING.
   380 | D:1      | 380 ||| FLEEEEING.
   381 | D:1      | 381 ||| FLEEEEING.
   448 | D:1      | Reached XP level 3. HP: 18/21 MP: 4/4
   642 | D:1      | 642 ||| UPGRADING to +0 leather armour.
   652 | D:1      | 652 ||| DROPPING +0 robe.
   653 | D:1      | 653 ||| UPGRADING to +0 pair of gloves.
   658 | D:1      | 658 ||| UPGRADING to amulet of reflection.
   663 | D:1      | 663 ||| UPGRADING to ring of protection from cold.
   664 | D:1      | 664 ||| READING scroll labelled EFI TYSOZA.
   665 | D:1      | 665 ||| DROPPING scroll of poison.
   953 | D:2      | Reached XP level 4. HP: 24/26 MP: 5/5
  1057 | D:2      | Reached skill level 4 in Ranged Weapons
  1593 | D:2      | 1593 ||| READING scroll labelled GUSADGH NITAUKLI.
  1594 | D:2      | 1594 ||| READING scroll labelled ORUAKHO LUZENE.
  1595 | D:2      | 1595 ||| DRINKING 3 ruby potions.
  1596 | D:2      | 1596 ||| DRINKING 2 purple potions.
  1688 | D:3      | 1688 ||| Stepping ~*~*~tactically~*~*~ (outnumbered).
  1694 | D:3      | HP: 4/26 [gnoll/+0 whip (6)]
  1695 | D:3      | Slain by a gnoll

Levels and vault maps discovered:
D:1:      onia_arrival_mini_spirals, layout_loops_ring, minmay_pentomino_s2
D:2:      layout_basic, nicolae_elevator_lobby_plus
D:3:      cheibrodos_greedy_goblins, layout_basic, minmay_divided_ellipse,
          uniq_terence

Skill      XL: |  1  2  3  4 |
---------------+-------------+-----
Ranged Weapons | 3 4 |  4.5
Fighting       | 2 |  2.0
Dodging        | |  1.5
Spellcasting   | |  1.0
Hexes          | |  2.6

Action                     |  1- 3 |  4- 6 || total
---------------------------+-------+-------++-------
   Fire: Sling             |   108 |    59 ||   167
    Use: Scroll            |     1 |     2 ||     3
         Potion            |       |     2 ||     2
 Armour: Robe              |     4 |       ||     4
         Leather armour    |     6 |     9 ||    15
  Dodge: Dodged            |    26 |     8 ||    34
  Block: Other             |     6 |     6 ||    12

Table legend:
 A = Non-vault XP
 B = Vault XP
 C = Vault XP percentage of total XP
 D = Non-vault monster count
 E = Vault monster count
 F = Vault count percentage of total count
                 A         B        C        D         E       F
            +---------+---------+-------+---------+---------+-------
      Total |     162 |       2 |   1.2 |      53 |       1 |   1.9
            +---------+---------+-------+---------+---------+-------
        D:1 |      38 |       2 |   5.0 |      22 |       1 |   4.3
        D:2 |      88 |       0 |   0.0 |      25 |       0 |   0.0
        D:3 |      36 |       0 |   0.0 |       6 |       0 |   0.0
            +---------+---------+-------+---------+---------+-------
